 Dungeon Crawl Stone Soup version 0.18-a0-1577-gf591c28 (webtiles) character file.

176 Tomstefer the Poker (level 5, -3/48 HPs)
             Began as a Minotaur Berserker on Mar 17, 2016.
             Was a Priest of Trog.
             Slain by a hound (4 damage)
             ... on level 3 of the Dungeon.
             The game lasted 00:03:32 (2085 turns).

Tomstefer the Poker (Minotaur Berserker)            Turns: 2085, Time: 00:03:32

Health: -3/48      AC:  6    Str: 22    XL:     5   Next: 30%
Magic:  4/4        EV: 11    Int:  4    God:    Trog [***...]
Gold:   44         SH:  0    Dex: 10    Spells: 0 memorised, 4 levels left

rFire  . . .     SeeInvis .     a - +0 spear
rCold  . . .     Gourm    .     q - +0 ring mail
rNeg   . . .     Faith    .     (no shield)
rPois  .         Spirit   .     (helmet restricted)
rElec  .         Dismiss  .     (no cloak)
rCorr  .         Reflect  .     r - +0 pair of gloves
SustAt .         Harm     .     (no boots)
MR     .....                    (no amulet)
Stlth  ..........               (no ring)
                                (no ring)

@: exhausted, slowed, very slow, not resistant to hostile enchantments,
extremely unstealthy
A: retaliatory headbutt, horns 2
a: Berserk, Trog's Hand, Burn Spellbooks, Renounce Religion


You were on level 3 of the Dungeon.
You worshipped Trog.
Trog was most pleased with you.
You were hungry.

You visited 1 branch of the dungeon, and saw 3 of its levels.

You collected 44 gold pieces.

Inventory:

Hand Weapons
 a - a +0 spear (weapon)
Missiles
 g - 6 javelins (quivered)
Armour
 b - a +0 animal skin
 q - a +0 ring mail (worn)
 r - a +0 pair of gloves (worn)
Jewellery
 l - an uncursed ring of fire
Scrolls
 f - a scroll of fog {unknown}
 h - 2 scrolls of identify {unknown}
 k - a scroll of fear {unknown}
 m - 2 scrolls of immolation {unknown}
 o - a scroll of noise {unknown}
 u - a scroll of random uselessness {unknown}
 v - a scroll of magic mapping {unknown}
 y - a scroll of teleportation {unknown}
 z - a scroll of amnesia {unknown}
 A - a scroll of enchant weapon {unknown}
Potions
 e - 2 potions of degeneration {unknown}
 i - a potion of haste {unknown}
 j - a potion of agility {unknown}
 n - a potion of beneficial mutation {unknown}
 t - a potion of might {unknown}
 w - 3 potions of cure mutation {unknown}
 x - a potion of flight {unknown}
Comestibles
 c - 2 bread rations
 d - 3 meat rations
 p - a slice of pizza
 s - 6 chunks of flesh


   Skills:
 + Level 5.2 Fighting
 * Level 6.2 Polearms
 - Level 2.4 Armour
 - Level 2.1 Dodging


You had 4 spell levels left.
You didn't know any spells.

Dungeon Overview and Level Annotations

Branches:
Dungeon (3/15)

Altars:


Innate Abilities, Weirdness & Mutations

You reflexively headbutt those who attack you in melee.
You have a pair of horns on your head.


Message History

* * * LOW HITPOINT WARNING * * *
The orc priest hits you with a club.
* * * LOW HITPOINT WARNING * * *
The hound bites you.
* * * LOW HITPOINT WARNING * * *
You hit the orc priest.
The orc priest is heavily wounded.
The hound bites you but does no damage.
The orc priest hits you but does no damage.
You hit the orc priest.
The orc priest is severely wounded.
The hound barely misses you. The orc priest misses you. The hound bites you.
* * * LOW HITPOINT WARNING * * *
Unknown command.
You hit the orc priest.
The orc priest is almost dead.
The hound barely misses you. You furiously retaliate!
You headbutt the hound, but do no damage.
The orc priest barely misses you. The hound bites you.
You die...

.......#.....#.....#.#
##.....#.....#.....#)#
.......#.###.#....)).#
##.....#.###.####.)###
#
#....)#.....#....(###.#
######## #...†.).....#.
...#....).......
##.#...o....##.. .
#.....@###### ..
#......h...... ..
......#.####..# ..
###.#.... .# #...... .#
......#.
.##########.##.....
............ .......
..########


You could see a hound and an orc priest.

Vanquished Creatures
  An orc priest (D:3)
  An orc wizard (D:3)
  2 adders (D:3)
  An ooze (D:1)
  2 worms (D:2)
  2 dart slugs
  2 giant geckos
  8 orcs (D:3)
  2 ball pythons
  8 bats
  2 giant cockroaches
  10 goblins
  9 hobgoblins
  5 jackals
  5 kobolds
  3 giant newts
  7 rats
70 creatures vanquished.

Notes
Turn   | Place    | Note
--------------------------------------------------------------
     0 | D:1      | Tomstefer the Minotaur Berserker began the quest for the Orb.
     0 | D:1      | Reached XP level 1. HP: 19/19 MP: 0/0
    54 | D:1      | Reached skill level 4 in Polearms
    54 | D:1      | Reached XP level 2. HP: 27/27 MP: 1/1
   798 | D:2      | Reached XP level 3. HP: 22/33 MP: 2/2
   802 | D:2      | Reached ** piety under Trog
  1317 | D:2      | Reached skill level 5 in Polearms
  1569 | D:2      | Reached XP level 4. HP: 41/41 MP: 3/3
  2045 | D:3      | Reached *** piety under Trog
  2053 | D:3      | Reached skill level 5 in Fighting
  2055 | D:3      | Reached XP level 5. HP: 36/48 MP: 4/4
  2070 | D:3      | Reached skill level 6 in Polearms
  2084 | D:3      | HP: 1/48 [hound (2)]
  2085 | D:3      | Slain by a hound

Vault maps used:
D:1:      dpeg_arrival_chambers_temple_mockup, kennysheep_small_spiral
D:3:      lemuel_zombie_altar_yredelemnul

Skill      XL: |  1  2  3  4  5 |
---------------+----------------+-----
Polearms       | 4 5 6 |  6.2
Fighting       | 4 5 |  5.2
Armour         | |  2.4
Dodging        | |  2.1

Action                   |  1- 3 |  4- 6 || total
-------------------------+-------+-------++-------
Melee: Spear             |   120 |    69 ||   189
Invok: Berserk           |       |     1 ||     1
  Eat: Chunk             |     2 |     2 ||     4
